 Dungeon Crawl Stone Soup version 0.23.2 (webtiles) character file.

Game seed: 17090078768905169388

8477 belegose the Fighter (level 11, -1/115 HPs)
             Began as an Ogre Artificer on May 2, 2019.
             Was an Elder of the Shining One.
             Slain by Grum
             ... wielding a -2 spear
              (14 damage)
             ... on level 9 of the Dungeon.
             The game lasted 00:55:15 (14787 turns).

belegose the Fighter (Ogre Artificer)              Turns: 14787, Time: 00:55:15

Health: -1/115     AC:  4    Str: 22    XL:     11   Next: 31%
Magic:  19/19      EV: 10    Int: 18    God:    the Shining One [****..]
Gold:   338        SH:  0    Dex: 14    Spells: 18/21 levels left

rFire    + . .     SeeInvis .   a - +9 whip of Responsibility {slash, rElec Int+3 Dex+5}
rCold    . . .     Gourm    .   (no shield)
rNeg     + + .     Faith    .   b - +0 robe
rPois    .         Spirit   .   O - +1 hat {MR+}
rElec    +         Reflect  .   g - scarf {repulsion}
rCorr    .         Harm     .   (gloves unavailable)
MR       ++...                  (boots unavailable)
Stlth    +.........             (no amulet)
HPRegen  0.29/turn              B - ring of protection from fire
MPRegen  0.16/turn              N - +4 ring of strength

@: lethally poisoned (-1 -> -3), marked, glowing, repel missiles
A: large, unfitting armour, tough skin 1
a: Divine Shield, Cleansing Flame, Renounce Religion


You were on level 9 of the Dungeon.
You worshipped the Shining One.
The Shining One was greatly pleased with you.
You were very hungry.

You visited 2 branches of the dungeon, and saw 10 of its levels.
You also visited: Ossuary.

You collected 488 gold pieces.
You spent 150 gold pieces at shops.

Inventory:

Hand Weapons
 a - the +9 whip of Responsibility (weapon) {slash, rElec Int+3 Dex+5}
   (You found it on level 4 of the Dungeon)

   It inflicts extra damage upon your enemies.
   It affects your intelligence (+3).
   It affects your dexterity (+5).
   It insulates you from electricity.
 K - a +2 dagger of electrocution
 S - a +2 war axe of electrocution
Missiles
 c - 10 tomahawks (quivered)
 h - 169 stones
 q - 51 sling bullets
 G - 2 throwing nets
Armour
 b - a +0 robe (worn)
 g - a scarf of repulsion (worn)
 L - a scarf of spirit shield
 O - a +1 hat of magic resistance (worn)
 R - a +1 cloak
Jewellery
 B - a ring of protection from fire (left hand)
 J - an uncursed ring of ice
 N - a +4 ring of strength (right hand)
Wands
 d - a wand of enslavement (3)
 r - a wand of digging (4)
 M - a wand of polymorph (1)
 P - a wand of flame (8)
 Q - a wand of clouds (5)
Scrolls
 e - a scroll of random uselessness {unknown}
 l - 10 scrolls of identify
 n - 3 scrolls of magic mapping {unknown}
 o - 4 scrolls of teleportation {unknown}
 t - a scroll of enchant weapon {unknown}
 u - 2 scrolls of amnesia {unknown}
 w - 2 scrolls of fear {unknown}
 y - 2 scrolls of enchant armour {unknown}
 E - a scroll of blinking {unknown}
 F - 4 scrolls of remove curse {unknown}
 H - 2 scrolls of noise {unknown}
 I - a scroll of fog {unknown}
Potions
 i - 4 potions of flight {unknown}
 j - 7 potions of curing
 k - 2 potions of agility {unknown}
 m - 7 potions of might {unknown}
 p - 2 potions of mutation
 s - a potion of haste {unknown}
 v - 2 potions of heal wounds {unknown}
 x - a potion of magic {unknown}
 z - 3 potions of invisibility {unknown}
 A - a potion of brilliance {unknown}
 C - a potion of resistance {unknown}
 D - a potion of ambrosia {unknown}
Comestibles
 f - 9 rations


   Skills:
 - Level 9.5 Fighting
 - Level 0.8 Short Blades
 - Level 5.6 Maces & Flails
 - Level 7.2 Throwing
 - Level 1.7 Dodging
 - Level 0.6 Stealth
 + Level 5.7 Spellcasting
 + Level 4.7 Summonings
 - Level 7.0 Invocations
 - Level 6.6 Evocations


You had 18 spell levels left.
You knew the following spells:

 Your Spells              Type           Power        Failure   Level  Hunger
a - Call Canine Familiar  Summ           ###.....     5%          3    ##.....

Your spell library contained the following spells:

 Spells                   Type           Power        Failure   Level  Hunger
 Summon Small Mammal      Summ           ###.         1%          1    None
 Call Imp                 Summ           ###.....     2%          2    None
 Summon Guardian Golem    Hex/Summ       ##......     14%         3    ##.....
 Summon Ice Beast         Ice/Summ       ##......     43%         4    ####...
 Summon Lightning Spire   Summ/Air       ##......     43%         4    ####...


Dungeon Overview and Level Annotations

Branches:
Dungeon (9/15)             Temple (1/1) D:6
   Lair: D:8-11         Orc: D:9-12

Altars:
Okawaru
Qazlal
Ru
Trog
Uskayaw
Yredelemnul
Zin
The Shining One

Shops:
D:4 !

Annotations:
D:2 1 runed translucent door, Crazy Yiuf
D:9 Grum


Innate Abilities, Weirdness & Mutations

You are too large for most types of armour.
You have tough skin. (AC +1)


Message History

The killer bee stings you.
You are poisoned.
The killer bee poisons you!
The killer bee stings you but does no damage.
You feel sick. The killer bee stings you! x2
* * * LOW HITPOINT WARNING * * *
You feel sick. The killer bee stings you.
* * * LOW HITPOINT WARNING * * *
There is a stone staircase leading up, spattered with blood here.
You can't go down here!
You feel sick. The killer bee stings you.
* * * LOW HITPOINT WARNING * * *
The killer bee stings you.
* * * LOW HITPOINT WARNING * * *
The killer bee stings you.
* * * LOW HITPOINT WARNING * * *
The killer bee completely misses you.
Grum lets out an intimidating howl.
Grum hits you from afar with a -2 spear!
You die...

######## #....@y#
#....yy##########
#......g........######
###.....................
#.......................
#.............#####.....
#.............#...#.....
#.............#...'..###
#..>..........#...#..#


You could see Grum and 3 killer bees.

Vanquished Creatures
  Gastronok (D:8)
  Harold (D:9)
  Pikel (D:6)
  A gargoyle (D:9)
  A water nymph (D:8)
  A troll (D:6)
  A shadow (D:6)
  3 yaks
  Sigmund (D:6)
  2 ice beasts
  A sky beast (D:7)
  6 orc warriors
  A porcupine (D:9)
  2 black bears
  A slave (D:6)
  A phantom (D:7)
  An ogre (D:4)
  3 wolves (D:9)
  5 centaurs
  2 bullfrogs (D:9)
  2 water moccasin zombies
  4 killer bees (D:8)
  3 howler monkeys
  6 wights (D:8)
  3 crimson imps
  3 centaur zombies
  A jelly (D:9)
  A quasit (D:6)
  4 hounds
  6 orc wizards
  4 orc priests
  A bullfrog skeleton (D:5)
  2 centaur skeletons
  An iguana (D:9)
  3 worker ants
  2 hound zombies
  3 hound skeletons
  2 mummies (Ossuary)
  3 gnolls
  13 adders
  An ooze (D:4)
  7 adder zombies (Ossuary)
  3 worms (D:2)
  A dart slug (D:1)
  5 leopard geckos
  31 orcs
  A ball python (D:5)
  4 giant cockroaches
  2 gnoll zombies (Ossuary)
  5 goblins
  6 hobgoblins
  6 jackals
  2 quokkas
  4 bats
  6 frilled lizards
  5 hobgoblin zombies (Ossuary)
  14 kobolds
  A kobold zombie (Ossuary)
  3 orc zombies (Ossuary)
  2 rats (D:1)
212 creatures vanquished.

Vanquished Creatures (collateral kills)
  An orc wizard (D:6)
  A mummy (D:4)
  2 adder zombies (Ossuary)
  4 orcs
  A gnoll zombie (Ossuary)
  A quokka (D:3)
  A kobold zombie (Ossuary)
  2 orc zombies (Ossuary)
13 creatures vanquished.

Vanquished Creatures (others)
  An orc warrior (D:6)
  A slave (D:6)
  A wolf (D:9)
  2 water moccasin zombies (Ossuary)
  A scorpion (D:6)
  2 fungi (D:9)
8 creatures vanquished.

Grand Total: 233 creatures vanquished

Notes
Turn   | Place    | Note
-------+----------+-------------------------------------------
     0 | D:1      | belegose the Ogre Artificer began the quest for the Orb.
     0 | D:1      | Reached XP level 1. HP: 19/19 MP: 2/2
   349 | D:1      | Reached XP level 2. HP: 20/28 MP: 3/3
   388 | D:1      | Reached skill level 2 in Fighting
   719 | D:1      | Reached skill level 1 in Throwing
   845 | D:1      | You fall through a shaft!
  1036 | D:2      | Reached XP level 3. HP: 19/36 MP: 5/5
  1473 | D:2      | Found a runed translucent door.
  1474 | D:2      | Noticed Crazy Yiuf
  1531 | D:2      | Reached skill level 3 in Fighting
  1531 | D:2      | Reached XP level 4. HP: 11/45 MP: 6/6
  2826 | D:3      | Reached XP level 5. HP: 30/54 MP: 7/7
  3489 | D:3      | Reached skill level 4 in Fighting
  3992 | D:3      | Found a glowing golden altar of the Shining One.
  4323 | D:3      | Became a worshipper of the Shining One
  4365 | D:4      | Noticed an ogre
  4367 | D:4      | Found a sand-covered staircase.
  4390 | Ossuary  | Entered an ossuary
  4613 | Ossuary  | Reached * piety under the Shining One
  4631 | Ossuary  | Reached skill level 1 in Invocations
  4631 | Ossuary  | Reached XP level 6. HP: 19/63 MP: 8/8
  4913 | Ossuary  | Reached ** piety under the Shining One
  5416 | D:4      | Got a slimy whip
  5417 | D:4      | Identified the +9 whip of Responsibility {slash, rElec
                  | Int+3 Dex+5} (You found it on level 4 of the Dungeon)
  5473 | D:4      | Found Miuzeps's Distillery.
  5477 | D:4      | Bought a potion of degeneration for 10 gold pieces
  5477 | D:4      | Bought a potion of mutation for 80 gold pieces
  5477 | D:4      | Bought a potion of curing for 30 gold pieces
  5477 | D:4      | Bought a potion of curing for 30 gold pieces
  5565 | D:4      | Reached skill level 5 in Fighting
  5565 | D:4      | Reached XP level 7. HP: 56/72 MP: 8/10
  5854 | D:4      | Reached skill level 1 in Maces & Flails
  6063 | D:4      | You fall through a shaft for 3 floors!
  6411 | D:6      | Reached XP level 8. HP: 29/83 MP: 11/11
  6749 | D:6      | Noticed Pikel
  6772 | D:6      | Killed Pikel
  6772 | D:6      | Reached skill level 6 in Fighting
  6957 | D:6      | Noticed Sigmund
  6974 | D:6      | Killed Sigmund
  6988 | D:6      | Found a staircase to the Ecumenical Temple.
  7005 | D:6      | Reached skill level 5 in Throwing
  7005 | D:6      | Reached skill level 5 in Evocations
  7034 | Temple   | Entered the Ecumenical Temple
  7056 | D:5      | Entered Level 5 of the Dungeon
  7272 | D:4      | Reached skill level 7 in Fighting
  7720 | D:5      | Reached XP level 9. HP: 87/93 MP: 12/12
  8433 | D:5      | Reached *** piety under the Shining One
  8800 | D:6      | Found a sacrificial altar of Ru.
  8800 | D:6      | Found a basalt altar of Yredelemnul.
  8800 | D:6      | Found a glowing silver altar of Zin.
  8800 | D:6      | Found an iron altar of Okawaru.
  8806 | D:6      | Found a stormy altar of Qazlal.
  8806 | D:6      | Found a hide-covered altar of Uskayaw.
  8885 | D:6      | Reached skill level 5 in Invocations
  9035 | D:6      | Noticed a troll
  9044 | D:6      | Killed a troll
  9573 | D:6      | Reached skill level 8 in Fighting
 10943 | D:7      | Reached XP level 10. HP: 90/106 MP: 14/14
 11189 | D:7      | Found a bloodstained altar of Trog.
 11453 | D:8      | Reached skill level 5 in Maces & Flails
 11697 | D:8      | Noticed a two-headed ogre
 11889 | D:8      | Reached skill level 9 in Fighting
 11998 | D:8      | Noticed a water nymph
 11998 | D:8      | a two-headed ogre changed into a water nymph
 12005 | D:8      | Killed a water nymph
 12423 | D:8      | Noticed Gastronok
 12423 | D:8      | Reached **** piety under the Shining One
 12489 | D:9      | Noticed a gargoyle
 12500 | D:9      | Killed a gargoyle
 12675 | D:9      | Noticed Grum
 12701 | D:9      | Noticed a two-headed ogre
 13509 | D:8      | Learned a level 3 spell: Call Canine Familiar
 13516 | D:9      | Reached skill level 1 in Spellcasting
 13674 | D:9      | Reached skill level 1 in Summonings
 13913 | D:9      | Noticed Harold
 14354 | D:8      | Killed Gastronok
 14354 | D:8      | Reached skill level 5 in Spellcasting
 14354 | D:8      | Reached XP level 11. HP: 11/115 MP: 15/18
 14764 | D:9      | Killed Harold
 14764 | D:9      | Identified the cursed +0 ring mail "Pytoa" {rElec Str-4
                  | Dex+4}
 14787 | D:9      | Slain by Grum

Skill      XL: |  1  2  3  4  5  6  7  8  9 10 |
---------------+-------------------------------+-----
Fighting       | 2 3 4 5 7 8 9 |  9.5
Throwing       | 1 2 3 4 5 6 7 |  7.2
Evocations     | 3 4 5 6 |  6.6
Invocations    | 1 2 3 4 6 7 |  7.0
Maces & Flails | 2 3 4 5 |  5.6
Spellcasting   | 5 |  5.7
Summonings     | 4 |  4.7
Short Blades   | |  0.8
Dodging        | |  1.7
Stealth        | |  0.6

Action                   |  1- 3 |  4- 6 |  7- 9 | 10-12 || total
-------------------------+-------+-------+-------+-------++-------
Melee: Short sword       |    61 |       |       |       ||    61
       Whip              |    61 |   295 |   217 |   193 ||   766
Throw: Stone             |     6 |    32 |    10 |       ||    48
       Tomahawk          |       |       |       |     3 ||     3
Evoke: Wand              |     3 |    20 |    10 |    17 ||    50
  Use: Scroll            |       |     1 |       |       ||     1
       Potion            |       |       |     1 |     1 ||     2
 Stab: Sleeping          |     1 |       |       |       ||     1
  Eat: Chunk             |     2 |    10 |    16 |    11 ||    39
       Ration            |       |     1 |       |       ||     1
Armor: Robe              |    23 |    73 |    31 |    17 ||   144
Dodge: Dodged            |    45 |   148 |    88 |    86 ||   367
       Deflected         |     3 |     1 |     9 |     7 ||    20
